 Dungeon Crawl Stone Soup version 0.17-a0-1880-gacf7e67 (webtiles) character file.

2001 mcbry74 the Covert (level 9, 0/44 HPs)
             Began as a Vine Stalker Assassin on Sept 21, 2015.
             Was an Initiate of Fedhas.
             Succumbed to a killer bee's poison
             ... on level 8 of the Dungeon.
             The game lasted 01:07:27 (7390 turns).

mcbry74 the Covert (Vine Stalker Assassin)          Turns: 7390, Time: 01:07:27

Health: 0/44       AC:  5    Str: 15    XL:     9   Next: 22%
Magic:  2/10       EV: 14    Int: 11    God:    Fedhas [......]
Gold:   468        SH:  0    Dex: 18    Spells: 0 memorised, 8 levels left

rFire  . . .     SeeInvis +       - Unarmed
rCold  . . .     Clarity  .     c - +0 robe
rNeg   . . .     SustAt   .     (no shield)
rPois  .         Gourm    .     r - +0 helmet
rElec  .         Spirit   +     d - +1 cloak
rCorr  .         Warding  .     (no gloves)
rMut   .         Stasis   .     (no boots)
MR     +....                    (no amulet)
Stlth  +++++.....               (no ring)
                                f - ring of see invisible

@: lethally poisoned (0 -> -7), very slightly contaminated, somewhat resistant
to hostile enchantments, quite stealthy
A: fangs 3, regeneration 2, magic shield, antimagic bite, no device heal 3, rot
immunity
a: Renounce Religion


You were on level 8 of the Dungeon.
You worshipped Fedhas.
Fedhas was noncommittal.
You were not hungry.

You visited 1 branch of the dungeon, and saw 8 of its levels.

You collected 468 gold pieces.

Inventory:

Hand weapons
 a - a +2 dagger
 b - a +1 blowgun
 t - a +0 dagger
Missiles
 e - 34 poisoned needles
 l - 7 needles of slowing
 y - a curare-tipped needle
Armour
 c - a +0 robe (worn)
 d - a +1 cloak (worn)
 r - a +0 helmet (worn)
Jewellery
 f - a ring of see invisible (left hand)
 i - a +4 ring of intelligence {unknown}
Magical devices
 h - a wand of lightning (7)
 j - a wand of slowing (25)
 q - a wand of polymorph (5)
 G - a wand of random effects (20)
Scrolls
 k - 3 scrolls of random uselessness
 n - 2 scrolls of blinking
 p - 3 scrolls of recharging {unknown}
 z - 4 scrolls of remove curse
 D - a scroll of immolation {unknown}
 E - 2 scrolls of magic mapping
 F - a scroll of noise {unknown}
 I - 2 scrolls of teleportation
 J - 2 scrolls of identify
Potions
 m - 2 potions of ambrosia {unknown}
 o - 3 potions of heal wounds {unknown}
 s - a potion of cure mutation {unknown}
 u - 2 potions of beneficial mutation {unknown}
 v - 2 potions of degeneration {unknown}
 w - 4 potions of poison (quivered) {unknown}
 x - 2 potions of brilliance {unknown}
 A - a potion of agility {unknown}
 B - 2 potions of curing {unknown}
 C - 2 potions of might {unknown}
 H - a potion of lignification {unknown}
Comestibles
 g - 10 bread rations
 K - a slice of pizza
 L - 6 beef jerkies


   Skills:
 + Level 3.4 Fighting
 - Level 1.7 Short Blades
 + Level 5.0 Throwing
 + Level 3.1 Dodging
 + Level 10.4 Stealth
 * Level 5.7 Unarmed Combat


You had 8 spell levels left.
You didn't know any spells.

Dungeon Overview and Level Annotations

Branches:
Dungeon (8/15)             Temple (0/1) D:6
   Lair: D:8-11

Altars:
Ashenzari
Cheibriados
Elyvilon
Fedhas
Makhleb
Nemelex Xobeh
Okawaru
Qazlal
Trog

Shops:
D:8 ?(*%


Innate Abilities, Weirdness & Mutations

You have razor-sharp teeth.
You heal very quickly.
When hurt, damage is shared between your health and your magic reserves.
Your bite disrupts and absorbs the magic of your enemies.
Potions and wands cannot restore your health.
You are immune to rotting.


Message History

The killer bee is lightly wounded.
You feel sick. The killer bee stings you.
* * * LOW HITPOINT WARNING * * *
The killer bee stings you!
* * * LOW HITPOINT WARNING * * *
You are more poisoned.
The killer bee poisons you!
Drink which item? (? for menu, Esc to quit)
Okay, then.
Read which item? (? for menu, Esc to quit)
Blink to where?
Press: ? - help, Dir - move target cursor You are very lightly contaminated with residual magic.
As you read the scroll of blinking, it crumbles to dust.
* * * LOW HITPOINT WARNING * * *
You feel sick.
* * * LOW HITPOINT WARNING * * *
You feel sick.
You die...
Fedhas appreciates your contribution to the ecosystem.

#####.# #.##.##
#.####.##.##
#.(.##......
#÷§.##+##### ##+#
#÷..##...... ...
######...... #.#
######.......
#.######.#..........
#..@..'..'..........
#.########...#+#####
#.#######....#..#..#
#.......#....#..+..'
#.......+....'..#..#
#.##§##.#....#'##.##
#.##.##.##...#.##'##
+..+.'...+...'......
#+##'###.#...#......


There were no monsters in sight!

Vanquished Creatures
  A hippogriff (D:7)
  Menkaure (D:4)
  An orc warrior (D:4)
  A necrophage (D:7)
  An ice beast (D:5)
  2 centaurs
  3 ogres
  2 giant frogs (D:7)
  Blork the orc (D:4)
  2 scorpions (D:5)
  A killer bee (D:8)
  2 crimson imps
  3 hounds
  A jelly (D:7)
  A centaur skeleton (D:4)
  A giant frog skeleton (D:7)
  An iguana (D:4)
  4 worker ants
  An orc wizard (D:3)
  A hound zombie (D:5)
  A hound skeleton (D:7)
  Robin (D:2)
  8 adders
  5 gnolls
  A shadow imp (D:7)
  An ooze (D:2)
  A worm (D:2)
  4 giant geckos
  20 orcs
  3 ball pythons
  12 bats
  4 giant cockroaches
  26 goblins
  11 hobgoblins
  5 jackals
  4 kobolds
  A quokka (D:8)
  4 giant newts
  A quokka skeleton (D:5)
  6 rats
150 creatures vanquished.

Vanquished Creatures (others)
  25 toadstools
25 creatures vanquished.

Grand Total: 175 creatures vanquished

Notes
Turn   | Place    | Note
--------------------------------------------------------------
     0 | D:1      | mcbry74 the Vine Stalker Assassin began the quest for the Orb.
     0 | D:1      | Reached XP level 1. HP: 11/11 MP: 2/2
   140 | D:1      | Reached skill level 5 in Stealth
   291 | D:1      | Reached skill level 1 in Dodging
   291 | D:1      | Reached XP level 2. HP: 15/15 MP: 3/3
   455 | D:1      | Reached skill level 1 in Unarmed Combat
   499 | D:1      | Reached XP level 3. HP: 18/18 MP: 4/4
  1080 | D:2      | Noticed Robin
  1273 | D:2      | Reached XP level 4. HP: 21/23 MP: 5/5
  1336 | D:2      | Killed Robin
  1673 | D:2      | Reached XP level 5. HP: 23/26 MP: 6/6
  2182 | D:2      | Found a stormy altar of Qazlal.
  2277 | D:3      | Reached skill level 6 in Stealth
  2948 | D:3      | Found an iron altar of Okawaru.
  2949 | D:3      | Found a burning altar of Makhleb.
  2950 | D:3      | Found a snail-covered altar of Cheibriados.
  3348 | D:4      | Noticed an orc warrior
  3375 | D:4      | Killed an orc warrior
  3375 | D:4      | Gained mutation: You heal very quickly. [Vine Stalker growth]
  3375 | D:4      | Reached XP level 6. HP: 29/31 MP: 7/7
  3548 | D:4      | Found a shattered altar of Ashenzari.
  3653 | D:4      | Noticed Menkaure
  3738 | D:4      | Reached skill level 7 in Stealth
  3895 | D:4      | Killed Menkaure
  3895 | D:4      | Reached XP level 7. HP: 35/35 MP: 8/8
  3953 | D:4      | Noticed Blork the orc
  3961 | D:4      | Killed Blork the orc
  4108 | D:5      | Entered Level 5 of the Dungeon
  4218 | D:5      | Found a white marble altar of Elyvilon.
  4336 | D:5      | Reached skill level 8 in Stealth
  4353 | D:5      | Found a bloodstained altar of Trog.
  4624 | D:5      | Gained mutation: You have razor-sharp teeth. [Vine Stalker growth]
  4624 | D:5      | Reached XP level 8. HP: 20/39 MP: 4/9
  4844 | D:5      | Reached skill level 9 in Stealth
  4897 | D:5      | Found a blossoming altar of Fedhas.
  4901 | D:5      | Became a worshipper of Fedhas Madash
  5157 | D:6      | Found a staircase to the Ecumenical Temple.
  5925 | D:7      | Found a sparkling altar of Nemelex Xobeh.
  6218 | D:7      | Reached skill level 5 in Unarmed Combat
  6665 | D:7      | Reached skill level 10 in Stealth
  6706 | D:7      | Reached XP level 9. HP: 36/44 MP: 7/10
  6853 | D:8      | Found Ezaza's Food Emporium.
  6928 | D:8      | Found Kaipeija's Weapon Boutique.
  7073 | D:8      | Found Xaxiatao's Magic Scroll Emporium.
  7231 | D:8      | Found Keosh's General Store.
  7243 | D:8      | Reached skill level 5 in Throwing
  7388 | D:8      | HP: 2/44 [poisoned by a killer bee]
  7390 | D:8      | Succumbed to a killer bee's poison

Vault maps used:
D:1:      scummos_arrival_gate, minmay_hedge_maze, minmay_unequal
D:2:      grunt_qazlal_clouds, uniq_robin
D:3:      minitemple, first_bread
D:4:      evilmike_ruin_ashenzari, uniq_blork_the_orc, uniq_menkaure
D:5:      kennysheep_little_box, fedhas_altar_2, small_statue_intersection,
          bloody_trog
D:6:      minmay_temple_entry_trees, nicolae_underground_beach
D:7:      nemelex_xobeh_ov_fountains_minmay
D:8:      serial_shops, shop, nicolae_shop_statue_plus, shop_scrolls, shop,
          shop, grunt_ogre_cave

Action                   |  1- 3 |  4- 6 |  7- 9 || total
-------------------------+-------+-------+-------++-------
Melee: Unarmed           |   134 |   121 |   147 ||   402
       Dagger            |     3 |       |       ||     3
 Fire: Blowgun           |    19 |    33 |    53 ||   105
  Use: Scroll            |       |     7 |     4 ||    11
 Stab: Sleeping          |     5 |    23 |    24 ||    52
       Distracted        |     1 |     2 |     2 ||     5
  Eat: Chunk             |     1 |     6 |     3 ||    10
       Beef jerky        |       |     1 |     1 ||     2
       Meat ration       |       |       |     1 ||     1
       Bread ration      |       |       |     1 ||     1
